 Dungeon Crawl Stone Soup version 0.24.0-123-gd5b16e6ec5 (webtiles) character file.

Game seed: 17461962784105390911, levelgen mode: deterministic

198 Delamore the Chopper (level 5, 0/45 HPs)
             Began as a Hill Orc Fighter on Dec 28, 2019.
             Slain by a rat (1 damage)
             ... on level 3 of the Dungeon.
             The game lasted 00:02:59 (2253 turns).

Delamore the Chopper (Hill Orc Fighter)             Turns: 2253, Time: 00:02:59

Health: 0/45       AC:  8    Str: 22    XL:     5   Next: 77%
Magic:  5/5        EV:  7    Int:  8    God:
Gold:   123        SH:  9    Dex: 10    Spells: 4/4 levels left

rFire    . . .     SeeInvis .   a - +0 war axe
rCold    . . .     Gourm    .   c - +0 shield
rNeg     . . .     Faith    .   b - +0 scale mail
rPois    .         Spirit   .   (no helmet)
rElec    .         Reflect  .   (no cloak)
rCorr    .         Harm     .   g - +0 pair of gloves
MR       .....     Rnd*Tele +   (no boots)
Stlth    ..........             (no amulet)
HPRegen  0.15/turn              e - ring of wizardry
MPRegen  0.09/turn              (no ring)

@: no status effects
A: blink, strong 1, teleportitis 1
a: Blink


You were on level 3 of the Dungeon.
You were not hungry.

You visited 1 branch of the dungeon, and saw 3 of its levels.

You collected 123 gold pieces.

Inventory:

Hand Weapons
 a - a +0 war axe (weapon)
Armour
 b - a +0 scale mail (worn)
 c - a +0 shield (worn)
 g - a +0 pair of gloves (worn)
Jewellery
 e - a ring of wizardry (left hand)
Scrolls
 h - 3 scrolls of remove curse {unknown}
 i - a scroll of immolation {unknown}
 j - a scroll of enchant armour {unknown}
 k - 2 scrolls of enchant weapon {unknown}
 l - 2 scrolls of teleportation {unknown}
Potions
 d - a potion of might
Comestibles
 f - 5 rations


   Skills:
 - Level 3.6 Fighting
 + Level 7.7 Axes
 - Level 3.2 Armour
 - Level 3.2 Shields


You had 4 spell levels left.
You didn't know any spells.
Your spell library was empty.

Dungeon Overview and Level Annotations

Branches:
Dungeon (3/15)

Altars:
Ru
Trog
Vehumet
Wu Jian
The Shining One


Innate Abilities, Weirdness & Mutations

You can translocate small distances at will.
Your muscles are strong. (Str +2)
You are occasionally teleported next to monsters.


Message History

You barely miss the worm.
Your shield and scale mail prevent you from hitting the rat.
You barely miss the worm. You block the orc's attack.
You block the rat's attack. The worm barely misses you.
The worm bites you but does no damage. The orc hits you with a +0 mace.
The rat bites you.
* * * LOW HITPOINT WARNING * * *
You slash the orc!
You kill the orc!
Your scale mail prevents you from hitting the worm.
You closely miss the rat. You hit the worm but do no damage.
The rat bites you but does no damage. The worm bites you!
* * * LOW HITPOINT WARNING * * *
You block the worm's attack.
You slash the worm!
The worm is almost dead.
You hit the worm. You closely miss the rat. The rat bites you.
* * * LOW HITPOINT WARNING * * *
The worm barely misses you. x2; The rat bites you.
You die...

#.....†...#..##....#...#
#.....##....###.........
#...........# ##.......#
#...........# #.....####
#.....#######....#.##
##...##....#######.#
#.###.......##....#
#.##..rw...).####.#
#.##..@)#....# #.# #
#.##..w###..). #.#####
#......#y#._.. #......
####...###.... #######
#....#....# #.......).#
##......)## ##....###
#####


You could see a moth of wrath, 2 worms and a rat (berserk).

Vanquished Creatures
  2 orc wizards
  A centaur skeleton (D:3)
  2 adders
  An ooze (D:3)
  2 worms
  2 dart slugs (D:1)
  A leopard gecko (D:1)
  3 orcs (D:3)
  2 ball pythons (D:2)
  7 giant cockroaches
  7 goblins
  11 hobgoblins
  5 jackals (D:2)
  11 kobolds
  A quokka (D:2)
  9 bats
  2 frilled lizards
  9 rats
78 creatures vanquished.

Notes
Turn   | Place    | Note
-------+----------+-------------------------------------------
     0 | D:1      | Delamore the Hill Orc Fighter began the quest for the Orb.
     0 | D:1      | Reached XP level 1. HP: 19/19 MP: 1/1
    54 | D:1      | Reached skill level 3 in Axes
   159 | D:1      | Reached XP level 2. HP: 26/26 MP: 2/2
   221 | D:1      | Reached skill level 4 in Axes
   621 | D:1      | Reached XP level 3. HP: 28/31 MP: 3/3
   884 | D:2      | Reached skill level 5 in Axes
   896 | D:2      | Found an ornate altar of the Wu Jian Council.
   902 | D:2      | Found a radiant altar of Vehumet.
   961 | D:2      | Reached XP level 4. HP: 27/39 MP: 4/4
  1065 | D:2      | Found a sacrificial altar of Ru.
  1072 | D:2      | Reached skill level 6 in Axes
  1465 | D:2      | Found a glowing golden altar of the Shining One.
  1669 | D:3      | Reached XP level 5. HP: 33/45 MP: 5/5
  1801 | D:3      | Reached skill level 7 in Axes
  1805 | D:3      | Gained mutation: You are occasionally teleported next to
                  | monsters. [potion of mutation]
  1805 | D:3      | Gained mutation: Your muscles are strong. (Str +2) [potion
                  | of mutation]
  1805 | D:3      | Gained mutation: You can translocate small distances at
                  | will. [potion of mutation]
  2237 | D:3      | Noticed a moth of wrath
  2240 | D:3      | Found a bloodstained altar of Trog.
  2253 | D:3      | HP: 1/45 [rat (2)]
  2253 | D:3      | Slain by a rat

Levels and vault maps discovered:
D:1:      mainiacjoe_arrival_reflecting_pool, layout_loops_corners, st_stairs_14
D:2:      layout_basic, nicolae_tso_carved_into_rock, vehumet_crystals,
          nicolae_ru_great_annihilating_truth, overflow_temple_1_default,
          first_ration, minmay_pentomino_q2
D:3:      layout_rooms, makhleb_grotto_becter, kennysheep_nondescript, tgw_trog

Skill      XL: |  1  2  3  4  5 |
---------------+----------------+-----
Axes           | 3 4 5 6 7 |  7.7
Fighting       | |  3.6
Armour         | |  3.2
Shields        | |  3.2

Action                   |  1- 3 |  4- 6 || total
-------------------------+-------+-------++-------
Melee: War axe           |   101 |   110 ||   211
  Use: Potion            |       |     3 ||     3
 Stab: Paralysed         |       |     1 ||     1
  Eat: Chunk             |       |     5 ||     5
Armor: Scale mail        |    64 |    58 ||   122
Dodge: Dodged            |    37 |    33 ||    70
Block: Shield            |    66 |    49 ||   115
